 Dungeon Crawl Stone Soup version 0.29.1-4-g47bece8355 (webtiles) character file.

Game seed: 17662096627369849469

576 Descartes the Ducker (level 7, -7/33 HPs)
             Began as a Spriggan Wanderer on Dec 4, 2022.
             Was an Initiate of Gozag.
             Shot with an arrow by a centaur (14 damage)
             ... on level 5 of the Dungeon.
             The game lasted 00:12:34 (6842 turns).

Descartes the Ducker (Spriggan Wanderer)            Turns: 6842, Time: 00:12:36

Health: -7/33      AC:  3    Str:  8    XL:     7   Next: 12%
Magic:  11/13      EV: 20    Int: 17    God:    Gozag
Gold:   296        SH:  0    Dex: 13    Spells: 3/13 levels left

rFire   . . .      SeeInvis +   q - +2 short sword (venom)
rCold   . . .      Faith    .   (no shield)
rNeg    . . .      Spirit   .   e - +0 robe
rPois   .          Reflect  .   (helmet restricted)
rElec   .          Harm     .   y - +0 cloak
rCorr   .          Rampage  .   (gloves unavailable)
Will    ++...                   (boots unavailable)
Stlth   +++.......              (no amulet)
HPRegen 0.11/turn               w - ring of willpower
MPRegen 0.13/turn               (no ring)

@: very quick
A: very small, no large weapons, unfitting armour, see invisible, speed 3
a: Renounce Religion, Potion Petition, Call Merchant, Bribe Branch


You were on level 5 of the Dungeon.
You worshipped Gozag.
Gozag was aware of your devotion.
You visited 2 branches of the dungeon, and saw 6 of its levels.

You collected 366 gold pieces.
You paid 70 gold pieces to Gozag.

Inventory:

Hand Weapons
 i - a +0 dagger of draining
 m - a +0 spear of venom
 q - a +2 short sword of venom (weapon)
Missiles
 b - 2 throwing nets (quivered)
 p - 6 poisoned darts
Armour
 e - a +0 robe (worn)
 y - a +0 cloak (worn)
Magical Staves
 r - a staff of earth
Jewellery
 w - a ring of willpower (left hand)
Scrolls
 f - a scroll of noise {unknown}
 j - a scroll of poison {unknown}
 l - 3 scrolls of identify {unknown}
 n - 2 scrolls of blinking {unknown}
 o - 2 scrolls of immolation {unknown}
 s - a scroll of amnesia {unknown}
 u - 2 scrolls of teleportation {unknown}
 v - a scroll of torment {unknown}
Potions
 a - a potion of cancellation {unknown}
 c - 2 potions of attraction
 d - 3 potions of lignification
 g - 3 potions of resistance {unknown}
 h - a potion of brilliance {unknown}
 k - 4 potions of curing
 t - a potion of mutation {unknown}
 x - a potion of heal wounds {unknown}
 z - a potion of haste {unknown}


   Skills:
 - Level 1.5 Fighting
 + Level 2.9 Short Blades
 + Level 7.5 Dodging
 + Level 4.2 Stealth
 + Level 3.7 Spellcasting
 + Level 0.7 Conjurations
 + Level 1.5 Hexes
 + Level 1.8 Translocations
 + Level 4.6 Transmutations
 + Level 2.5 Poison Magic


You had 3 spell levels left.
You knew the following spells:

 Your Spells              Type           Power      Damage    Failure   Level
a - Sting                 Tmut/Pois      60%        1d6       3%          1
b - Ensorcelled Hibernat  Hex/Ice        10%        N/A       19%         2
c - Dazzling Flash        Conj/Hex       14%        N/A       30%         3
d - Iskenderun's Mystic   Conj/Tloc      7%         2d4       67%         4

Your spell library contained the following spells:

 Spells                   Type           Power      Damage    Failure   Level
 Passwall                 Tmut/Erth      9%         N/A       10%         2
 Spider Form              Tmut/Pois      15%        N/A       11%         3
 Swiftness                Air            3%         N/A       43%         3
 Starburst                Conj/Fire      2%         6d3       100%        6


Dungeon Overview and Level Annotations

Branches:
Dungeon (5/15)             Temple (1/1) D:4

Altars:
Ashenzari
Cheibriados
Dithmenos
Elyvilon
Fedhas
Gozag
Hepliaklqana
Kikubaaqudgha
Makhleb
Okawaru
Qazlal
Ru
Sif Muna
Trog
Uskayaw
Vehumet
Wu Jian
Xom
Yredelemnul
Zin
The Shining One


Innate Abilities, Weirdness & Mutations

You are very small and have problems with some larger weapons.
You are too small for most types of armour.
You have supernaturally acute eyesight. (SInv)
You cover ground extremely quickly. (Speed+++)


Message History

z - a pink potion You see here a +0 shortbow.
An ogre comes into view. It is wielding a +0 giant spiked club.
An ogre comes into view. It is wielding a +0 giant club.
Casting: Sting (safe; 3% risk of failure)
Confirm with . or Enter, or press ? or * to list all spells.
Aiming: Sting (safe; 3% risk of failure)
Press: ? - help, Shift-Dir - straight line, f - ogre
Aim: an ogre, wielding a +0 giant spiked club (88% to hit)
The sting hits the ogre.
The ogre is poisoned.
The ogre is lightly wounded.
Casting: Sting (safe; 3% risk of failure)
Confirm with . or Enter, or press ? or * to list all spells.
Aiming: Sting (safe; 3% risk of failure)
Press: ? - help, Shift-Dir - straight line, f/p - ogre
Aim: an ogre, wielding a +0 giant spiked club (lightly wounded, poisoned, 88% to hit)
The sting hits the ogre.
The ogre looks even sicker.
The ogre is moderately wounded.
You barely miss the ogre.
The ogre is moderately wounded.
The ogre shouts!
You hear a shout!
An ogre comes into view. It is wielding a +0 giant spiked club.
The ogre hits you with a +0 giant spiked club!!
Ouch! That really hurt!
* * * LOW HITPOINT WARNING * * *
A centaur comes into view.
Casting: Sting (safe; 3% risk of failure)
Confirm with . or Enter, or press ? or * to list all spells.
You can't see any susceptible monsters within range! (Use Z to cast anyway.) Unknown command.
The centaur wields a +3 shortbow.
The centaur shoots an arrow.
The arrow misses you.
Casting: Sting (safe; 3% risk of failure)
Confirm with . or Enter, or press ? or * to list all spells.
Aiming: Sting (safe; 3% risk of failure)
Press: ? - help, Shift-Dir - straight line, f/p - ogre
Aim: an ogre, wielding a +0 giant spiked club (heavily wounded, poisoned, 88% to hit)
The sting misses the ogre.
The centaur shoots an arrow.
The arrow hits you!
You die...
Your body crumbles into a pile of gold.

#.# #>......#
#.#####.....#.#
#.......###...#
######### #...#
#...# #+# #.#.# #.#
#...# #.# .
##..####.########..
##..@.O.O.........
#.........O....c.
#.####....c......
#.# #........O..
#.# #.....####..
#######'####.###.#
#............###.##
#.................#
#.................#


You could see 3 ogres and a centaur.

Vanquished Creatures
  An ice beast (D:4)
  A black bear (D:3)
  A centaur (D:5)
  A scorpion (D:4)
  A hound (D:5)
  Terence (D:2)
  2 iguanas
  4 gnolls (D:3)
  4 adders
  A shadow imp (D:4)
  A worm (D:2)
  3 dart slugs
  2 orcs
  4 bats
  4 giant cockroaches
  5 goblins
  7 hobgoblins
  2 jackals (D:1)
  5 quokkas
  6 ball pythons
  2 frilled lizards
  8 kobolds
  3 rats
69 creatures vanquished.

Vanquished Creatures (others)
  3 plants (D:3)
3 creatures vanquished.

Grand Total: 72 creatures vanquished

Notes
Turn   | Place    | Note
-------+----------+-------------------------------------------
     0 | D:1      | Descartes the Spriggan Wanderer began the quest for the
                  | Orb.
     0 | D:1      | Descartes set off with the following items: a +0 dagger, 2
                  | throwing nets, a potion of attraction, a potion of
                  | lignification, a +0 robe; and the following spell
                  | memorised: Sting; and the following spells available to
                  | memorise: Spider Form.
     0 | D:1      | Reached XP level 1. HP: 10/10 MP: 3/3
   410 | D:1      | Reached skill level 1 in Stealth
   485 | D:1      | Reached XP level 2. HP: 14/14 MP: 3/5
  1262 | D:1      | Found a faded altar of an unknown god.
  1472 | D:1      | Reached XP level 3. HP: 16/18 MP: 3/7
  1693 | D:2      | Identified the +1 scale mail of the Desert {+Inv rF+ rN+++
                  | rCorr Dex-3}
  1775 | D:2      | Reached skill level 1 in Short Blades
  1986 | D:2      | Noticed Terence
  2009 | D:2      | Killed Terence
  2010 | D:2      | Reached skill level 1 in Poison Magic
  2010 | D:2      | Reached XP level 4. HP: 22/22 MP: 3/8
  3611 | D:3      | Reached skill level 7 in Dodging
  4054 | D:4      | Noticed a black bear
  4084 | D:3      | Killed a black bear
  4085 | D:3      | Reached XP level 5. HP: 23/25 MP: 7/10
  4292 | D:4      | Learned a level 2 spell: Ensorcelled Hibernation
  4621 | D:4      | Found a staircase to the Ecumenical Temple.
  4639 | Temple   | Entered the Ecumenical Temple
  4679 | Temple   | Became a worshipper of Gozag Ym Sagoz the Greedy
  5125 | D:4      | Reached XP level 6. HP: 30/30 MP: 7/11
  5203 | D:4      | Learned a level 3 spell: Dazzling Flash
  5208 | D:4      | Learned a level 4 spell: Iskenderun's Mystic Blast
  5369 | D:5      | Entered Level 5 of the Dungeon
  5963 | D:5      | Noticed an ice beast
  5986 | D:4      | Reached skill level 1 in Translocations
  6165 | D:4      | Killed an ice beast
  6166 | D:4      | Reached skill level 1 in Hexes
  6654 | D:5      | Reached XP level 7. HP: 17/33 MP: 9/13
  6842 | D:5      | Shot with an arrow by a centaur

Illustrated notes

Levels and vault maps discovered:
D:1:      dpeg_arrival_circle_labyrinth_b, layout_basic,
          nicolae_ecumenical_snake_handling, wad_floor_pattern_2, minivault_19
D:2:      layout_loops_ring, uniq_terence
D:3:      layout_loops_ring, minmay_misc_feat_square,
          chequers_serial_rivers_room_b, serial_bayou_pond_a, st_stairs_8,
          kennysheep_generic_room_9
D:4:      layout_gridville, minmay_temple_entry_enclosed_plants
D:5:      layout_basic, gammafunk_ghost_stat_death
Temple:   nicolae_temple_the_god_donut

Skill      XL: |  1  2  3  4  5  6 |
---------------+-------------------+-----
Stealth        | 1 2 3 4 |  4.2
Transmutations | 3 4 |  4.6
Spellcasting   | 2 3 |  3.7
Short Blades   | 1 2 |  2.9
Poison Magic   | 1 2 |  2.5
Dodging        | 7 |  7.5
Translocations | 1 |  1.8
Hexes          | 1 |  1.5
Fighting       | |  1.5
Conjurations   | |  0.7

Action                   |  1- 3 |  4- 6 |  7- 9 || total
-------------------------+-------+-------+-------++-------
Melee: Dagger            |    48 |    47 |       ||    95
       Punch             |     1 |       |       ||     1
       Short sword       |       |     9 |     1 ||    10
 Cast: Sting             |    52 |   113 |     3 ||   168
 Stab: Sleeping          |     1 |     1 |       ||     2
Armor: Robe              |     6 |     6 |       ||    12
Dodge: Dodged            |    63 |    78 |     1 ||   142
